 Dungeon Crawl Stone Soup version 0.25.1-2-g60ff931df9 (webtiles) character file.

Game seed: 353325447459975246

119 Almogavar the Skirmisher (level 4, 0/40 HPs)
             Began as a Draconian Fighter on Sept 4, 2020.
             Slain by a shadow imp (2 damage)
             ... on level 3 of the Dungeon.
             The game lasted 00:06:40 (1958 turns).

Almogavar the Skirmisher (Draconian Fighter)        Turns: 1958, Time: 00:06:41

Health: 0/40       AC:  6    Str: 16 (18) XL:     4   Next: 73%
Magic:  4/4        EV: 10    Int:  7 (9)  God:
Gold:   107        SH:  9    Dex:  8 (11) Spells: 3/3 levels left

rFire    . . .     SeeInvis .   a - +0 long sword
rCold    . . .     Gourm    .   b - +1 kite shield
rNeg     . . .     Faith    .   (armour unavailable)
rPois    .         Spirit   .   (helmet restricted)
rElec    .         Reflect  .   (no cloak)
rCorr    .         Harm     .   (no gloves)
MR       .....                  g - +0 pair of boots
Stlth    +.........             (no amulet)
HPRegen  0.13/turn              (no ring)
MPRegen  0.09/turn              (no ring)

@: no status effects
A: unfitting armour, cold-blooded, AC +5
a: no special abilities


You were on level 3 of the Dungeon.
You were hungry.

You visited 1 branch of the dungeon, and saw 3 of its levels.

You collected 107 gold pieces.

Inventory:

Hand Weapons
 a - a +0 long sword (weapon)
Armour
 b - a +1 kite shield (worn)
 g - a +0 pair of boots (worn)
Scrolls
 e - 3 scrolls of enchant armour
 i - 3 scrolls of teleportation
 j - a scroll of fog
 k - 3 scrolls of remove curse
 n - a scroll of blinking {unknown}
 p - a scroll of magic mapping {unknown}
Potions
 c - a potion of might
 l - a potion of brilliance
 m - a potion of mutation {unknown}
 o - a potion of invisibility {unknown}
Comestibles
 d - 6 rations
 f - 8 chunks of flesh


   Skills:
 + Level 4.0 Fighting
 + Level 3.3 Long Blades
 + Level 3.3 Dodging
 + Level 1.0 Stealth
 + Level 3.4 Shields


You had 3 spell levels left.
You didn't know any spells.
Your spell library was empty.

Dungeon Overview and Level Annotations

Branches:
Dungeon (3/15)

Altars:

Annotations:
D:3 Grinder


Innate Abilities, Weirdness & Mutations

Your plain brown scales are hard. (AC +5)
You cannot fit into any form of body armour.
You are cold-blooded and may be slowed by cold attacks.


Message History

You see here 14 gold pieces.
You closely miss the bat. The bat barely misses you.
You riposte.
You barely miss the bat. You hit the bat.
The bat is heavily wounded.
The bat closely misses you. The shadow imp gestures at you.
Pain shoots through your body!
* * * LOW HITPOINT WARNING * * *
The bat hits you but does no damage.
You hit the bat.
You kill the bat!
You hit the shadow imp.
The shadow imp is lightly wounded.
The shadow imp gestures at you.
You barely resist.
Your shield prevents you from hitting the shadow imp.
The shadow imp is lightly wounded.
The shadow imp hits you.
You die...

#.....#...
#.....#...
##.........
#..........
#..........
#..........
#..........
#..5.......
#.@........
#..........
#..........
#..........
#..........
##########.


You could see a shadow imp.

Vanquished Creatures
  A bullfrog skeleton (D:2)
  3 adders
  An ooze (D:2)
  A worm (D:2)
  2 dart slugs
  An orc (D:2)
  6 bats
  5 giant cockroaches
  3 hobgoblins
  4 jackals (D:1)
  5 frilled lizards
  7 goblins
  7 kobolds
  7 rats
53 creatures vanquished.

Notes
Turn   | Place    | Note
-------+----------+-------------------------------------------
     0 | D:1      | Almogavar the Draconian Fighter began the quest for the
                  | Orb.
     0 | D:1      | Reached XP level 1. HP: 19/19 MP: 1/1
   238 | D:1      | Reached XP level 2. HP: 23/27 MP: 2/2
  1054 | D:2      | Reached XP level 3. HP: 29/33 MP: 3/3
  1372 | D:2      | Reached XP level 4. HP: 40/40 MP: 4/4
  1457 | D:2      | Reached skill level 4 in Fighting
  1692 | D:2      | Reached skill level 1 in Stealth
  1937 | D:3      | Noticed Grinder
  1942 | D:3      | Paralysed by Grinder for 5 turns
  1954 | D:3      | HP: 2/40 [shadow imp/nerve-wracking pain (5)]
  1958 | D:3      | Slain by a shadow imp

Illustrated notes

Levels and vault maps discovered:
D:1:      sevenhm_arrival_forest_fort_small_6, layout_loops_corners,
          grunt_decor_fettered, serial_bayou_pond_c
D:2:      layout_rooms
D:3:      layout_basic, nrook_mini_backslash, uniq_grinder

Skill      XL: |  1  2  3  4 |
---------------+-------------+-----
Dodging        | 3 |  3.3
Long Blades    | 3 |  3.3
Fighting       | 4 |  4.0
Stealth        | 1 |  1.0
Shields        | |  3.4

Action                   |  1- 3 |  4- 6 || total
-------------------------+-------+-------++-------
Melee: Long sword        |    79 |    58 ||   137
       Tailslap          |    10 |     6 ||    16
  Use: Scroll            |     5 |     1 ||     6
       Potion            |       |     1 ||     1
 Stab: Sleeping          |     1 |     1 ||     2
  Eat: Chunk             |     2 |     1 ||     3
Armor: Skin              |    17 |    22 ||    39
Dodge: Dodged            |    47 |    39 ||    86
Block: Kite shield       |    39 |    44 ||    83
       Rpst.: Long sword |    17 |    16 ||    33
